 Dungeon Crawl Stone Soup version 0.31-a0-986-g5e6e4ef867 (webtiles) character file.

Game seed: 10346576848715664827

76 Maxmaps the Covert (level 4, -6/31 HPs)
             Began as an Octopode Delver on Nov 7, 2023.
             Mangled by an ogre
             ... wielding a +0 giant club
              (37 damage)
             ... on level 4 of the Dungeon.
             The game lasted 00:01:01 (299 turns).

Maxmaps the Covert (Octopode Delver)                 Turns: 299, Time: 00:01:02

Health: -6/31      AC:  1    Str: 11    XL:     4   Next: 32%
Magic:  4/4        EV: 13    Int: 14    God:
Gold:   17         SH:  0    Dex: 13    Spells: 3/3 levels left

rFire   . .          .
                       - Unarmed
rCold   . . .        (no shield)
rNeg    . . .        (helmet restricted)
rPois   .            (no amulet)
rElec   .            (no ring)
rCorr   .            (no ring)
SInv    .            (no ring)
Will    .....        (no ring)
Stlth   +++++        (no ring)
HPRegen 0.25/turn    (no ring)
MPRegen 0.09/turn    (no ring)
                     (no ring)

%: no passive effects
@: no status effects
A: almost no armour, amphibious, 8 rings, camouflage 1, gelatinous body 1,
(nimble swimmer 1), tentacles
a: no special abilities


You were on level 4 of the Dungeon.
You visited 1 branch of the dungeon, and saw 2 of its levels.

You collected 17 gold pieces.

Inventory:

Wands
 e - a wand of digging (3)
Scrolls
 a - a scroll of fog
 b - a scroll of revelation
 c - a scroll of fear
Potions
 d - a potion of haste
 f - a potion of ambrosia {unknown}
 g - a potion of enlightenment {unknown}


   Skills:
 - Level 3.0 Fighting
 - Level 2.0 Dodging
 + Level 8.8 Stealth
 - Level 2.0 Unarmed Combat


You had 3 spell levels left.
You didn't know any spells.
Your spell library was empty.

Dungeon Overview and Level Annotations

Branches:
Dungeon (5/15)
 Temple: D:4-7

Altars:

Annotations:
D:5 Menkaure


Innate Abilities, Weirdness & Mutations

You cannot wear most types of armour.
You are amphibious.
You can wear up to eight rings at the same time.
Your skin changes colour to match your surroundings (Stealth+).
Your rubbery body absorbs attacks. (AC +1, EV +1)
((You are camouflaged when in or above water. (Stealth+)))
You have tentacles for arms and can constrict up to eight enemies at once.


Message History

No target in view!
No target in view!
No target in view!
No target in view!
No target in view!
No target in view!
No target in view!
An ogre comes into view. It is wielding a +0 giant club.
Found a robe and 13 gold pieces.
An ogre is nearby!
Things that are here:
a +0 dagger; a +0 ring mail; an orc corpse The helpless ogre fails to defend itself.
You tentacle-slap the ogre. You squeeze the ogre, but do no damage.
The ogre is lightly wounded.
The ogre closely misses you.
You tentacle-slap the ogre. Your squeeze misses the ogre.
The ogre is moderately wounded.
You tentacle-slap the ogre.
The ogre is moderately wounded.
The ogre misses you.
You tentacle-slap the ogre but do no damage.
You squeeze the ogre.
The ogre is heavily wounded.
You completely miss the ogre.
The ogre is heavily wounded.
The ogre closely misses you.
You tentacle-slap the ogre.
The ogre is heavily wounded.
The ogre barely misses you.
You barely miss the ogre. Your squeeze misses the ogre.
The ogre is heavily wounded.
You tentacle-slap the ogre. You squeeze the ogre.
The ogre is heavily wounded.
The ogre barely misses you.
You tentacle-slap the ogre but do no damage.
The ogre is heavily wounded.
The ogre hits you with a +0 giant club!!!
Ouch! That really hurt!
You die...

......#...####
............>#
....#.######.#
....#.# #.#########
....#.#
###.........#
....#.#
#....##..###.#
....#.#
#.##.#..##[#
....#.....##....#O#
....#...........@#
#####.#
###..##.....#
#.##.#...##
...#$##..## .#. ##
..## # .## #


You could see an ogre.

Vanquished Creatures
  A howler monkey (D:5)
  A hound (D:4)
  An orc (D:4)
  A hobgoblin (D:4)
  A kobold (D:4)
5 creatures vanquished.

Notes
Turn   | Place    | Note
-------+----------+-------------------------------------------
     0 | D:5      | Maxmaps the Octopode Delver began the quest for the Orb.
     0 | D:5      | Reached XP level 1. HP: 16/16 MP: 1/1
     6 | D:5      | Noticed a howler monkey
    18 | D:5      | Killed a howler monkey
    19 | D:5      | Reached skill level 8 in Stealth
    19 | D:5      | Reached XP level 2. HP: 5/21 MP: 2/2
    19 | D:5      | Reached XP level 3. HP: 6/26 MP: 3/3
    29 | D:5      | Noticed Menkaure
   131 | D:4      | Reached XP level 4. HP: 5/31 MP: 4/4
   289 | D:4      | Noticed an ogre
   299 | D:4      | Mangled by an ogre

Illustrated notes

Levels and vault maps discovered:
D:4:      layout_basic, lemuel_round_altar, hangedman_decor_growths,
          minmay_bisected
D:5:      layout_loops_ring, uniq_sigmund, uniq_grinder, uniq_menkaure

Skill      XL: |  1 |
---------------+----+-----
Stealth        | 8 |  8.8
Fighting       | |  3.0
Dodging        | |  2.0
Unarmed Combat | |  2.0

Action                     |  1- 3 |  4- 6 || total
---------------------------+-------+-------++-------
  Melee: Unarmed           |    13 |    16 ||    29
         Tentacles         |     2 |     4 ||     6
         Constrict         |     2 |     2 ||     4
         Punch             |       |     1 ||     1
   Stab: Sleeping          |     1 |     2 ||     3
 Armour: Skin              |    11 |     4 ||    15
  Dodge: Dodged            |     3 |    10 ||    13

Table legend: (Time is in decaauts)
 A = Elapsed time spent in this place.
 B = Non-inter-level travel time spent in this place.
 C = Inter-level travel time spent in this place.
 D = Time resting spent in this place.
 E = Time spent auto-exploring this place.
 F = Levels seen in this place.
 G = Mean time per level.
                   A        B        C        D        E       F      G
               +--------+--------+--------+--------+--------+-----+--------+
         Total |    297 |    292 |      5 |    172 |     44 |   2 |  148.5 |
       Dungeon |    297 |    292 |      5 |    172 |     44 |   2 |  148.5 |
               +--------+--------+--------+--------+--------+-----+--------+

Top non-repeatable levels by time:
     D:4: 259 daAuts
     D:5: 37 daAuts
